 Dungeon Crawl Stone Soup version 0.23.2 (webtiles) character file.

Game seed: 11460051508412963209

1099 Jaera the Cudgeler (level 8, -21/78 HPs)
             Began as a Troll Fighter on Apr 2, 2019.
             Was a Believer of Trog.
             Killed from afar by a killer bee (29 damage)
             ... with an exploding inner flame
             ... hexed by the player character
             ... on level 5 of the Dungeon.
             The game lasted 00:48:12 (4680 turns).

Jaera the Cudgeler (Troll Fighter)                  Turns: 4680, Time: 00:48:12

Health: -21/78     AC:  7    Str: 27    XL:     8   Next: 10%
Magic:  7/7        EV:  9    Int:  4    God:    Trog [**....]
Gold:   286        SH: 13    Dex:  9    Spells: 7/7 levels left

rFire    . . .     SeeInvis .   G - +3 whip (flame)
rCold    . . .     Gourm    +   c - +0 shield
rNeg     . . .     Faith    .   o - +0 robe
rPois    .         Spirit   .   (helmet restricted)
rElec    .         Reflect  +   h - -1 cloak (curse)
rCorr    .         Harm     .   (gloves unavailable)
MR       .....                  (boots unavailable)
Stlth    +.........             s - +4 amulet of reflection
HPRegen  0.63/turn              e - +3 ring of slaying
MPRegen  0.10/turn              r - +1 ring of protection

@: lethally poisoned (-21 -> -30), about to teleport
A: large, unfitting armour, claws 3, fast metabolism 3, gourmand, regeneration
1, shaggy fur 1, tough skin 3
a: Berserk, Trog's Hand, Renounce Religion


You were on level 5 of the Dungeon.
You worshipped Trog.
Trog was pleased with you.
You were full.

You visited 2 branches of the dungeon, and saw 6 of its levels.
You also visited: Sewer.

You collected 286 gold pieces.

Inventory:

Hand Weapons
 a - a +0 flail
 A - a +0 dagger
 B - a +0 giant club
 E - a +0 war axe
 G - a +3 whip of flaming (weapon)
 I - a +0 giant spiked club
 O - a +1 dagger of electrocution
Missiles
 j - 4 needles of sleeping
 l - 61 bolts
 n - 59 arrows
 q - 11 tomahawks (quivered)
 t - 9 poisoned needles
 C - 3 needles of confusion
Armour
 b - a +0 robe
 c - a +0 shield (worn)
 h - a cursed -1 cloak (worn)
 o - a +0 robe (worn)
 y - a +0 cloak
 K - a +0 robe
 M - a +0 robe
Magical Staves
 m - an uncursed staff of earth {unknown}
Jewellery
 e - a +3 ring of slaying (left claw)
 r - a +1 ring of protection (right claw)
 s - a +4 amulet of reflection (around neck)
Wands
 i - a wand of random effects (15)
 u - a wand of digging (3)
Scrolls
 p - a scroll of immolation
 v - a scroll of remove curse
 z - a scroll of enchant armour {unknown}
 F - a scroll of fear
 N - a scroll of identify
Potions
 d - 4 potions of might
 g - a potion of haste {unknown}
 k - a potion of lignification
 w - 2 potions of curing
 D - a potion of magic {unknown}
 H - a potion of invisibility {unknown}
 L - a potion of brilliance
 P - a potion of degeneration {unknown}
Comestibles
 f - 10 rations


   Skills:
 + Level 3.6 Fighting
 + Level 5.2 Maces & Flails
 + Level 2.0 Throwing
 + Level 4.2 Dodging
 + Level 1.0 Stealth
 + Level 4.4 Shields


You had 7 spell levels left.
You didn't know any spells.
Your spell library was empty.

Dungeon Overview and Level Annotations

Branches:
Dungeon (5/15)             Temple (1/1) D:4

Altars:
Cheibriados
Dithmenos
Fedhas
Gozag
Hepliaklqana
Kikubaaqudgha
Makhleb
Nemelex Xobeh
Okawaru
Qazlal
Sif Muna
Trog
Uskayaw
Vehumet
Wu Jian
Xom
Yredelemnul
Zin

Annotations:
D:5 1 transporter, DobroLive's ghost, novice DsWz


Innate Abilities, Weirdness & Mutations

You are too large for most types of armour.
You have claws for hands.
Your metabolism is lightning-fast.
You like to eat raw meat.
Your natural rate of healing is unusually fast.
You are covered in fur. (AC +1)
You have extremely tough skin. (AC +3)


Message History

You feel sick. The killer bee stings you!
* * * LOW HITPOINT WARNING * * *
You block the killer bee's attack. x2
The killer bee stings you but does no damage.
As you read the scroll of teleportation, it crumbles to dust.
You feel strangely unstable.
You feel sick. You block the killer bee's attack. x2
The killer bee closely misses you. The killer bee barely misses you.
You barely miss the killer bee.
The killer bee is severely wounded.
You feel sick. You block the killer bee's attack. x2
The killer bee completely misses you. The killer bee stings you.
* * * LOW HITPOINT WARNING * * *
You are lethally poisoned!
The killer bee poisons you!
You hit the killer bee. You burn the killer bee.
The killer bee explodes!
The fiery explosion engulfs the killer bee!!
The killer bee explodes!
The fiery explosion engulfs you!!
You die...

## # .. ### # ##. ..##
# ... .#..# # #.#
#..#.# # #.. #####.. #
#.# .###@### # # #.##..
#§§§# .# # #.##.#####y#
.# #.##...#..y##..#
#.#y#.#.#.#.#..#
##.#|.#...#..#..#
#.©#y.#.#†#.©#©.#
#######..#y.#...#..#.##
.........#y#.#.#.#.#.#


You could see 2 killer bees.

Vanquished Creatures
  Duvessa (D:4)
  2 ogres
  Dowan (D:4)
  A scorpion (D:5)
  3 killer bees (D:5)
  A howler monkey (D:4)
  A bullfrog skeleton (D:5)
  3 orc priests
  3 hounds
  An iguana (D:5)
  4 orc wizards
  9 adders
  A howler monkey skeleton (D:4)
  An adder skeleton (D:4)
  2 worms (D:5)
  3 dart slugs
  4 leopard geckos
  11 orcs
  4 giant cockroaches
  4 goblins
  4 hobgoblins
  10 jackals
  8 kobolds
  3 quokkas
  A ball python (D:3)
  5 bats
  4 frilled lizards
  A jackal skeleton (D:4)
  5 rats
  5 plants (D:5)
  4 toadstools (D:1)
  2 withered plants (D:3)
112 creatures vanquished.

Vanquished Creatures (others)
  An orc wizard (D:5)
1 creature vanquished.

Grand Total: 113 creatures vanquished

Notes
Turn   | Place    | Note
-------+----------+-------------------------------------------
     0 | D:1      | Jaera the Troll Fighter began the quest for the Orb.
     0 | D:1      | Reached XP level 1. HP: 22/22 MP: 0/0
   308 | D:1      | Reached XP level 2. HP: 27/29 MP: 1/1
   609 | D:1      | Reached skill level 2 in Maces & Flails
  1032 | D:2      | Reached XP level 3. HP: 34/36 MP: 2/2
  1167 | D:2      | Found a bloodstained altar of Trog.
  1197 | D:2      | Became a worshipper of Trog the Wrathful
  2114 | D:3      | Reached XP level 4. HP: 35/44 MP: 3/3
  2128 | D:3      | Found an ancient bone altar of Kikubaaqudgha.
  2194 | D:3      | Reached skill level 3 in Maces & Flails
  2201 | D:3      | Found a blossoming altar of Fedhas.
  2505 | D:3      | Found a shimmering altar of Xom.
  2506 | D:3      | Found a shimmering altar of Xom.
  2507 | D:3      | Found a shimmering altar of Xom.
  2508 | D:3      | Found a shimmering altar of Xom.
  2517 | D:3      | Found a shimmering altar of Xom.
  2517 | D:3      | Found a shimmering altar of Xom.
  2655 | D:3      | Found a glowing drain.
  2664 | Sewer    | Entered a sewer
  2992 | D:4      | Noticed an ogre
  3004 | D:4      | Killed an ogre
  3004 | D:4      | Reached XP level 5. HP: 33/50 MP: 4/4
  3044 | D:4      | Noticed Dowan
  3045 | D:4      | Noticed Duvessa
  3072 | D:4      | Reached skill level 1 in Throwing
  3084 | D:4      | Reached XP level 6. HP: 52/59 MP: 5/5
  3088 | D:4      | Killed Duvessa
  3088 | D:4      | Reached skill level 4 in Maces & Flails
  3095 | D:4      | Reached * piety under Trog
  3104 | D:4      | Killed Dowan
  3296 | D:4      | Found a staircase to the Ecumenical Temple.
  3305 | Temple   | Entered the Ecumenical Temple
  3787 | D:4      | Reached skill level 1 in Stealth
  3787 | D:4      | Reached XP level 7. HP: 62/67 MP: 6/6
  4028 | D:5      | Entered Level 5 of the Dungeon
  4216 | D:5      | Reached skill level 5 in Maces & Flails
  4288 | D:5      | Reached ** piety under Trog
  4578 | D:5      | Found a transporter.
  4579 | D:5      | Noticed DobroLive's ghost (novice DsWz)
  4580 | D:5      | Found a transporter.
  4643 | D:5      | Reached XP level 8. HP: 64/76 MP: 7/7
  4675 | D:5      | HP: 2/78 [poisoned by a killer bee]
  4680 | D:5      | Killed from afar by a killer bee

Skill      XL: |  1  2  3  4  5  6  7  8 |
---------------+-------------------------+-----
Maces & Flails | 2 3 4 5 |  5.2
Shields        | 3 4 |  4.4
Dodging        | 3 4 |  4.2
Throwing       | 1 2 |  2.0
Fighting       | 3 |  3.6
Stealth        | 1 |  1.0

Action                   |  1- 3 |  4- 6 |  7- 9 || total
-------------------------+-------+-------+-------++-------
Melee: Flail             |   104 |    28 |       ||   132
       Whip              |       |   108 |   166 ||   274
Throw: Stone             |     8 |       |       ||     8
       Tomahawk          |     4 |     6 |     4 ||    14
Evoke: Wand              |       |       |     1 ||     1
  Use: Scroll            |     4 |     3 |     5 ||    12
       Potion            |       |     3 |     4 ||     7
  Eat: Chunk             |    15 |    19 |     6 ||    40
       Ration            |     2 |       |       ||     2
Armor: Robe              |    33 |    19 |    33 ||    85
Dodge: Dodged            |    36 |    28 |    36 ||   100
Block: Shield            |    67 |    63 |    87 ||   217
       Reflection        |     1 |     4 |     1 ||     6
